 Dungeon Crawl Stone Soup version 0.30.0-11-gf55b779eaf (webtiles) character file.

Game seed: 18277470380326042361

911 javelincjr the Firebug (level 7, -2/49 (52) HPs)
             Began as a Demonspawn Fire Elementalist on May 16, 2023.
             Was a Follower of Vehumet.
             Incinerated by a smoke demon (6 damage)
             ... with a sticky flame
             ... on level 5 of the Dungeon.
             The game lasted 00:33:07 (5882 turns).

javelincjr the Firebug (DsFE)                       Turns: 5882, Time: 00:33:07

HP:   -2/49 (52)    AC:  4    Str:  9    XL:     7   Next: 82%
MP:   9/12          EV: 13    Int: 18    God:    Vehumet [*.....]
Gold: 301           SH:  0    Dex: 13    Spells: 7/13 levels left

rFire   . . .        v - +4 flail (drain)
rCold   . . .        (no shield)
rNeg    . . .        a - +0 robe
rPois   .            (no helmet)
rElec   .            (no cloak)
rCorr   .            (no gloves)
SInv    .            s - +0 pair of boots
Will    .....        (no amulet)
Stlth   +            k - +4 ring of slaying
HPRegen 0.28/turn    (no ring)
MPRegen 0.13/turn

%: no passive effects
@: on fire, very slightly contaminated, glowing, drained
A: rugged brown scales 1, powered by death 1, powered by pain 1
a: Renounce Religion


You were on level 5 of the Dungeon.
You worshipped Vehumet.
Vehumet was aware of your devotion.
You visited 2 branches of the dungeon, and saw 6 of its levels.

You collected 301 gold pieces.

Inventory:

Hand Weapons
 v - a +4 flail of draining (weapon)
Armour
 a - a +0 robe (worn)
 i - a +0 tower shield
 n - a +0 ring mail of fire resistance
 s - a +0 pair of boots (worn)
Jewellery
 k - a +4 ring of slaying (left hand)
Scrolls
 h - 2 scrolls of blinking
 u - 2 scrolls of fear
Potions
 b - 2 potions of magic
 g - a potion of cancellation
 m - a potion of haste
 p - a potion of berserk rage {unknown}
 q - 2 potions of curing
 t - a potion of mutation {unknown}
 x - a potion of lignification {unknown}
 z - a potion of heal wounds
 A - a potion of brilliance


   Skills:
 + Level 2.7 Fighting
 + Level 2.4 Armour
 + Level 3.3 Dodging
 + Level 3.6 Stealth
 + Level 2.5 Shields
 + Level 3.5 Spellcasting
 + Level 3.1 Conjurations
 + Level 3.9 Fire Magic
 + Level 0.0 Earth Magic


You had 7 spell levels left.
You knew the following spells:

 Your Spells              Type           Power      Damage    Failure   Level
a - Foxfire               Conj/Fire      60%        2x1d7     3%          1
b - Scorch                Fire           34%        2d6       4%          2
c - Stone Arrow           Conj/Erth      16%        3d8       24%         3

Your spell library contained the following spells:

 Spells                   Type           Power      Damage    Failure   Level
 Shock                    Conj/Air       32%        1d5       9%          1
 Magic Dart               Conj           56%        1d5       4%          1
 Inner Flame              Hex/Fire       10%        N/A       21%         3
 Volatile Blastmotes      Fire/Tloc      20%        2d11      21%         3
 Call Imp                 Summ           6%         N/A       24%         2
 Mephitic Cloud           Conj/Pois/Air  6%         N/A       30%         3
 Flame Wave               Conj/Fire      15%        2d7       36%         4
 Animate Armour           Summ/Erth      6%         N/A       83%         4
 Lehudib's Crystal Spear  Conj/Erth      4%         10d3      100%        8


Dungeon Overview and Level Annotations

Branches:
Dungeon (5/15)             Temple (1/1) D:5

Altars:
Cheibriados
Dithmenos
Fedhas
Kikubaaqudgha
Makhleb
Nemelex Xobeh
Qazlal
Sif Muna
Trog
Vehumet
Wu Jian
Xom
Yredelemnul


Innate Abilities, Weirdness & Mutations

You are partially covered in rugged brown scales. (AC +1, +3% HP)
You regenerate a little health from kills.
You sometimes gain a little power by taking damage.


Message History

The kobold demonologist's fire resistance burns away.
The foxfire hits the kobold demonologist.
The kobold demonologist is burned terribly!
The kobold demonologist is moderately wounded.
The foxfire hits the kobold demonologist.
The kobold demonologist is burned terribly!
The kobold demonologist is moderately wounded.
The kobold demonologist casts a spell.
Casting: Scorch (safe; 4% risk of failure)
Confirm with . or Enter, or press ? or * to list all spells.
Flames lash the kobold demonologist.
The kobold demonologist is burned terribly!
The kobold demonologist is heavily wounded.
The smoke demon gestures at you. The sticky flame hits you!
You are covered in liquid flames!
Casting: Scorch (safe; 4% risk of failure)
Confirm with . or Enter, or press ? or * to list all spells.
Aiming: Stone Arrow (dangerous; 24% risk of failure)
Press: ? - help, Shift-Dir - straight line, f - kobold demonologist
Aim: a kobold demonologist, wielding a +0 dagger and wearing a +0 robe (heavily wounded, more vulnerable to fire, 51% to hit)
You miscast Stone Arrow.
You are very lightly contaminated with residual magic.
Nothing appears to happen.
You are covered in liquid flames!
The kobold demonologist mumbles some strange words.
The smoke demon gestures at you. The ball of steam hits you!!
* * * LOW HITPOINT WARNING * * *
You focus on the pain.
You feel your power returning.
Casting: Stone Arrow (dangerous; 24% risk of failure)
Confirm with . or Enter, or press ? or * to list all spells.
Aiming: Stone Arrow (dangerous; 24% risk of failure)
Press: ? - help, Shift-Dir - straight line, f/p - kobold demonologist
Aim: a kobold demonologist, wielding a +0 dagger and wearing a +0 robe (heavily wounded, more vulnerable to fire, 51% to hit)
You miscast Stone Arrow.
Nothing appears to happen.
You are engulfed in a cloud of scalding steam.
* * * LOW HITPOINT WARNING * * *
You are covered in liquid flames!
You die...

.#.......####.#.........
..................^.....
.........[...≈≈.≈≈......
...........≈≈≈≈.≈≈≈≈....
.........≈≈≈≈§§.≈≈≈≈≈≈..
.#...).≈≈≈≈§≈§.≈≈≈≈≈≈≈.
#.....≈≈≈≈§§§..≈≈≈≈≈≈.
#.....≈≈≈≈≈≈.§.≈≈≈≈≈≈.
#.....≈≈≈≈≈≈..@≈≈≈≈≈≈.
#####..≈≈≈≈≈≈≈≈§≈≈≈≈..
##....≈≈≈≈≈≈≈§≈....
#.......≈≈≈≈≈[3....
#.............K....
#.[...#......[4....
##)...#.#######....
#.#....... .#.#
#.#...####


You could see a rust devil (summoned) and a kobold demonologist (combustible).

Vanquished Creatures
  The ghost of GigaChad the Chopper, a novice FoFi of Makhleb (D:4)
  Sigmund (D:2)
  An ogre (D:4)
  2 hounds (D:4)
  3 orc wizards
  7 gnolls
  5 adders
  2 river rats (D:4)
  3 dart slugs
  12 orcs
  6 ball pythons
  9 endoplasms
  4 giant cockroaches
  8 goblins
  10 hobgoblins
  7 jackals
  8 kobolds
  2 quokkas
  3 bats
  A frilled lizard (D:2)
  4 rats (D:1)
99 creatures vanquished.

Vanquished Creatures (others)
  359 foxfires
359 creatures vanquished.

Grand Total: 458 creatures vanquished

Notes
Turn   | Place    | Note
-------+----------+-------------------------------------------
     0 | D:1      | javelincjr the Demonspawn Fire Elementalist began the quest
                  | for the Orb.
     0 | D:1      | Reached XP level 1. HP: 13/13 MP: 3/3
   246 | D:1      | Gained mutation: You sometimes gain a little power by
                  | taking damage. [demonic ancestry]
   246 | D:1      | Reached XP level 2. HP: 19/19 MP: 0/5
   842 | D:1      | Gained mutation: You are partially covered in rugged brown
                  | scales. (AC +1, +3% HP) [demonic ancestry]
   842 | D:1      | Reached XP level 3. HP: 20/25 MP: 2/6
   863 | D:1      | Learned a level 2 spell: Scorch
  1273 | D:2      | Noticed Sigmund
  1412 | D:2      | You fall into a shaft and drop 1 floor!
  2367 | D:3      | Reached skill level 1 in Fighting
  2466 | D:3      | Reached XP level 4. HP: 32/32 MP: 3/7
  2716 | D:3      | Reached skill level 1 in Shields
  3104 | D:3      | Found a faded altar of an unknown god.
  3107 | D:3      | Prayed at the altar of an unknown god.
  3107 | D:3      | Became a worshipper of Vehumet
  3107 | D:3      | Reached * piety under Vehumet
  3107 | D:3      | Offered knowledge of Sandblast by Vehumet.
  3201 | D:3      | Reached skill level 1 in Armour
  3206 | D:3      | Reached XP level 5. HP: 38/38 MP: 0/8
  3472 | D:2      | Killed Sigmund
  3473 | D:2      | Gained mutation: You regenerate a little health from kills.
                  | [demonic ancestry]
  3473 | D:2      | Reached XP level 6. HP: 30/45 MP: 3/10
  3871 | D:4      | Found a runed translucent door.
  4127 | D:4      | Found a sparkling altar of Nemelex Xobeh.
  4262 | D:4      | Found a runed translucent door.
  4263 | D:4      | Noticed GigaChad's ghost (novice FoFi)
  4717 | D:4      | Reached XP level 7. HP: 51/51 MP: 4/11
  4730 | D:4      | Killed GigaChad's ghost
  4921 | D:5      | Entered Level 5 of the Dungeon
  4941 | D:5      | Found a staircase to the Ecumenical Temple.
  5052 | Temple   | Entered the Ecumenical Temple
  5321 | D:5      | Identified the +1 leather armour of Existentialism {Str+3}
  5428 | D:5      | Noticed a kobold demonologist
  5432 | D:5      | Offered knowledge of Shock by Vehumet.
  5434 | D:5      | Reached ** piety under Vehumet
  5447 | D:5      | Noticed a ynoxinul
  5545 | D:5      | Noticed a sixfirhy
  5548 | D:5      | Learned a level 3 spell: Stone Arrow
  5550 | D:5      | Noticed a ynoxinul
  5551 | D:5      | Noticed a soul eater
  5707 | D:5      | Noticed a hellwing
  5709 | D:5      | Noticed an ice devil
  5714 | D:5      | Noticed a soul eater
  5880 | D:5      | Noticed a smoke demon
  5882 | D:5      | Noticed a rust devil
  5882 | D:5      | Incinerated by a smoke demon

Illustrated notes

Levels and vault maps discovered:
D:1:      eino_arrival_tree_alley, layout_loops_ring
D:2:      layout_basic, nicolae_concentric_dashed_squares_wild, uniq_sigmund
D:3:      layout_loops_cross, amcnicky_altar_gilded,
          hellmonk_ecumenical_altar_inner_sanctum, hangedman_decor_lopped,
          hangedman_feature_mirror, chequers_serial_rivers_marsh
D:4:      layout_cave_pods, nemelex_xobeh_ov_fountains_minmay,
          ebering_ghost_sewer_f
D:5:      layout_basic, nicolae_gozag_cash_rules_everything_around_me,
          temple_pool_b, minmay_holes, uniq_ijyb
Temple:   jpeg_temple_clearing

Skill      XL: |  1  2  3  4  5  6  7 |
---------------+----------------------+-----
Stealth        | 2 3 |  3.6
Dodging        | 2 3 |  3.3
Fire Magic     | 3 |  3.9
Fighting       | 1 2 |  2.7
Shields        | 1 2 |  2.5
Armour         | 1 2 |  2.4
Conjurations   | 2 3 |  3.1
Spellcasting   | 3 |  3.5

Action                     |  1- 3 |  4- 6 |  7- 9 || total
---------------------------+-------+-------+-------++-------
  Melee: Long sword        |    12 |       |       ||    12
         Whip              |     4 |     7 |       ||    11
         Flail             |       |       |    15 ||    15
   Cast: Foxfire           |   104 |    76 |    33 ||   213
         Scorch            |     1 |     9 |    12 ||    22
    Use: Scroll            |       |       |    14 ||    14
 Armour: Robe              |     8 |     3 |     6 ||    17
  Dodge: Dodged            |    21 |     8 |    26 ||    55
